 Dungeon Crawl Stone Soup version 0.22.1-2-g9c5b331383 (webtiles) character file.

147 McIrco the Covert (level 5, -2/38 HPs)
             Began as a Vampire Assassin on Jan 5, 2019.
             Killed from afar by an orc wizard (6 damage)
             ... with a magic dart
             ... on level 3 of the Dungeon.
             The game lasted 00:06:03 (3820 turns).

McIrco the Covert (Vampire Assassin)                Turns: 3820, Time: 00:06:04

Health: -2/38      AC:  3    Str: 10    XL:     5   Next: 8%
Magic:  5/5        EV: 14    Int: 13    God:
Gold:   91         SH:  0    Dex: 17    Spells: 4/4 levels left

rFire    . . .     SeeInvis +   v - +2 hand axe (vamp)
rCold    + + .     Gourm    .   (no shield)
rNeg     + + +     Faith    .   c - +0 robe
rPois    ∞         Spirit   .   (no helmet)
rElec    .         Reflect  .   d - +0 cloak
rCorr    .         Harm     .   (no gloves)
MR       .....                  (no boots)
Stlth    ++++++....             j - amulet of inaccuracy (curse)
HPRegen  0.00/turn              (no ring)
MPRegen  0.09/turn              (no ring)

@: flying, bloodless, non-regenerating
A: fangs 3, see invisible, unbreathing
a: Bat Form


You were on level 3 of the Dungeon.
You were bloodless.

You visited 1 branch of the dungeon, and saw 4 of its levels.

You collected 91 gold pieces.

Inventory:

Hand Weapons
 a - a +2 dagger
 b - a +0 blowgun
 p - a +1 long sword of electrocution
 v - a +2 vampiric hand axe (weapon)
Missiles
 e - 27 poisoned needles
 f - 2 curare-tipped needles
Armour
 c - a +0 robe (worn)
 d - a +0 cloak (worn)
 o - a +0 shield
Jewellery
 j - a cursed amulet of inaccuracy (around neck)
 k - an uncursed ring of flight {unknown}
Scrolls
 h - a scroll of identify
 i - 2 scrolls of blinking
 r - a scroll of random uselessness {unknown}
 u - a scroll of immolation {unknown}
Potions
 g - 13 potions of blood
 l - a potion of curing
 m - a potion of mutation {unknown}
 n - a potion of degeneration {unknown}
 q - 2 potions of flight
 s - a potion of ambrosia {unknown}
 t - a potion of heal wounds {unknown}


   Skills:
 - Level 1.7 Fighting
 - Level 2.1 Short Blades
 - Level 1.5 Throwing
 * Level 3.4 Dodging
 + Level 8.4 Stealth


You had 4 spell levels left.
You didn't know any spells.
Your spell library was empty.

Dungeon Overview and Level Annotations

Branches:
Dungeon (4/15)
 Temple: D:4-7

Altars:


Innate Abilities, Weirdness & Mutations

You do not heal naturally.
You are immune to poison.
You have razor-sharp teeth.
You have supernaturally acute eyesight. (SInv)
You can survive without breathing.


Message History

The orc wizard hits you with a dagger.
* * * LOW HITPOINT WARNING * * *
You feel better. The orc wizard barely misses you.
It was a potion of flight.
You feel very buoyant.
You fly up into the air.
The orc wizard barely misses you.
You miss the orc wizard. Your bite misses the orc wizard.
The orc wizard is heavily wounded.
The orc wizard points at you and mumbles some strange words.
The magic dart hits you!
* * * LOW HITPOINT WARNING * * *
You barely miss the orc wizard.
The orc wizard is heavily wounded.
The orc wizard completely misses you. The orc wizard hits you with a dagger.
* * * LOW HITPOINT WARNING * * *
You miss the orc wizard. Your bite misses the orc wizard.
The orc wizard is heavily wounded.
The orc wizard gestures at you while chanting.
The magic dart hits you!
You die...

#.#..........# #.# #....#.#
#...P♣...^...# #.# #....#.#####
#...P........# #.# #....#.##...
#.#..........# #.# #....#.##...
#.##.........# #.# #....#)##...
#.##.........# #.# #....#.###..
#.###........# #.# ##.......'..
#.# #........###.####.....###..
#.# #.........@oo...'.....+....
#.###################.....#####
#.##........# #.....#
#.##........#########.....#
#.##..................#+### ##
#.....................#.# #.
#####.................#[# #.
#.................'.# #.
#####.................########.


You could see an orc wizard and an orc.

Vanquished Creatures
  An orc wizard (D:3)
  5 adders
  An ooze (D:3)
  A worm (D:2)
  2 leopard geckos
  4 orcs (D:3)
  A ball python (D:1)
  4 bats
  4 giant cockroaches
  5 hobgoblins
  10 jackals
  2 quokkas (D:3)
  5 frilled lizards
  5 goblins
  5 kobolds
  8 rats
63 creatures vanquished.

Notes
Turn   | Place    | Note
-------+----------+-------------------------------------------
     0 | D:1      | McIrco the Vampire Assassin began the quest for the Orb.
     0 | D:1      | Reached XP level 1. HP: 16/16 MP: 1/1
     9 | D:1      | Reached skill level 6 in Stealth
   157 | D:1      | Reached XP level 2. HP: 20/22 MP: 2/2
   438 | D:1      | Reached skill level 7 in Stealth
   695 | D:2      | Reached XP level 3. HP: 15/27 MP: 3/3
  1734 | D:3      | Reached XP level 4. HP: 28/33 MP: 4/4
  2084 | D:3      | Reached skill level 8 in Stealth
  3340 | D:3      | Reached XP level 5. HP: 26/38 MP: 5/5
  3815 | D:3      | HP: 1/38 [orc wizard/dagger (6)]
  3820 | D:3      | Killed from afar by an orc wizard

Skill      XL: |  1  2  3  4 |
---------------+-------------+-----
Stealth        | 6 7 8 |  8.4
Dodging        | 2 3 |  3.4
Fighting       | |  1.7
Short Blades   | |  2.1
Throwing       | |  1.5

Action                   |  1- 3 |  4- 6 || total
-------------------------+-------+-------++-------
Melee: Dagger            |   148 |    89 ||   237
       Bite              |     8 |     7 ||    15
       Hand axe          |       |    27 ||    27
  Use: Scroll            |     1 |       ||     1
       Potion            |       |     6 ||     6
 Stab: Sleeping          |     8 |     8 ||    16
       Distracted        |       |     1 ||     1
Armor: Robe              |    30 |    21 ||    51
Dodge: Dodged            |   103 |    81 ||   184
